 Dungeon Crawl Stone Soup version 0.29-a0-371-g91724d5b39 (webtiles) character file.

Game seed: 3289777475205431662

151 lesaewzxc the Ducker (level 5, -2/21 HPs)
             Began as a Spriggan Conjurer on May 2, 2022.
             Was a Follower of Zin.
             Killed from afar by an orc wizard (7 damage)
             ... with a puff of flame
             ... on level 3 of the Dungeon on May 3, 2022.
             The game lasted 00:33:15 (2928 turns).

lesaewzxc the Ducker (Spriggan Conjurer)            Turns: 2928, Time: 00:33:16

Health: -2/21      AC:  2    Str:  5    XL:     5   Next: 10%
Magic:  12/21      EV: 19    Int: 20    God:    Zin [*.....]
Gold:   48         SH:  5    Dex: 19    Spells: 2/12 levels left

rFire   . . .      SeeInvis +   (weapon restricted)
rCold   . . .      Faith    .   (no shield)
rNeg    . . .      Spirit   .   a - +0 robe
rPois   .          Reflect  +   (helmet restricted)
rElec   .          Harm     .   (no cloak)
rCorr   .          Rampage  .   (gloves unavailable)
Will    .....                   (boots unavailable)
Stlth   +++.......              i - amulet of reflection
HPRegen 0.07/turn               j - ring of magical power
MPRegen 0.17/turn               k - +6 ring of dexterity

@: very quick
A: very small, no large weapons, unfitting armour, see invisible, speed 3, frail
1
a: Renounce Religion, Recite, Donate Gold


You were on level 3 of the Dungeon.
You worshipped Zin.
Zin was aware of your devotion.
You visited 1 branch of the dungeon, and saw 4 of its levels.

You collected 53 gold pieces.
You donated 5 gold pieces to Zin.

Inventory:

Armour
 a - a +0 robe (worn)
Jewellery
 i - an amulet of reflection (around neck)
 j - a ring of magical power (left hand)
 k - a +6 ring of dexterity (right hand)
 p - a ring of wizardry
Scrolls
 d - a scroll of fog
 e - a scroll of teleportation {unknown}
 f - a scroll of silence {unknown}
 l - 2 scrolls of brand weapon {unknown}
 m - a scroll of identify
 n - a scroll of enchant armour {unknown}
Potions
 b - a potion of magic
 c - a potion of curing {unknown}
 g - a potion of invisibility {unknown}
 h - a potion of brilliance


   Skills:
 - Level 0.2 Slings
 * Level 4.3 Dodging
 + Level 4.2 Stealth
 * Level 4.1 Spellcasting
 * Level 3.5 Conjurations


You had 2 spell levels left.
You knew the following spells:

 Your Spells              Type           Power      Damage    Failure   Level
a - Magic Dart            Conj           72%        1d6       3%          1
b - Searing Ray           Conj           36%        2d5       4%          2
c - Iskenderun's Mystic   Conj/Tloc      11%        2d4       52%         4
d - Dazzling Flash        Conj/Hex       22%        N/A       19%         3

Your spell library contained the following spells:

 Spells                   Type           Power      Damage    Failure   Level
 Fulminant Prism          Conj/Hex       5%         3d7       52%         4


Dungeon Overview and Level Annotations

Branches:
Dungeon (4/15)
 Temple: D:4-7

Altars:
Zin


Innate Abilities, Weirdness & Mutations

You are very small and have problems with some larger weapons.
You are too small for most types of armour.
You have supernaturally acute eyesight. (SInv)
You cover ground extremely quickly. (Speed+++)
You are frail. (-10% HP)


Message History

The dart slug launches a dart at you. The slug dart misses you.
You hit the dart slug.
You kill the dart slug!
You see here a dart slug corpse.
An orc wizard comes into view. It is wielding a +0 dagger.
Found an escape hatch in the ceiling.
The orc wizard shouts!
The orc wizard casts a spell at you. The magic dart hits you.
The orc wizard hits you with a +0 dagger.
You barely miss the orc wizard. The orc wizard barely misses you.
You barely miss the orc wizard. The orc wizard barely misses you.
You barely miss the orc wizard.
The orc wizard hits you with a +0 dagger.
You hit the orc wizard but do no damage.
The orc wizard closely misses you.
You hit the orc wizard.
The orc wizard is lightly wounded.
The orc wizard points at you and mumbles some strange words.
The magic dart hits you!
* * * LOW HITPOINT WARNING * * *
You hit the orc wizard but do no damage.
You punch the orc wizard, but do no damage.
The orc wizard is lightly wounded.
The orc wizard hits you but does no damage.
Aiming: Searing Ray (safe; 4% risk of failure)
Press: ? - help, Q - select action, (/) - cycle Shift-Dir - straight line, f - orc wizard
Aim: an orc wizard, wielding a +0 dagger and wearing a +0 robe (lightly wounded, 72% to hit)
The searing ray misses the orc wizard. (Press . to maintain the ray.)
You block the orc wizard's attack.
The searing ray hits the orc wizard.
The orc wizard is heavily wounded.
The orc wizard misses you.
The searing ray hits the orc wizard!
The orc wizard is almost dead.
The orc wizard gestures at you while chanting.
The puff of flame hits you!
You die...

##.###..##≈≈≈≈≈≈..>##.#.#≈≈≈≈..
###...##>..#≈≈)≈..........####≈..
.....÷......###.##...##.# #8..
###...#....#............### #8..
##.##.....†.#..#.....)..####...
...##.#........##....##........
###.##.##.#...#.##.##.##.###....
#.##.##.#..##.##.##)##.# #####
#.##.#.......@o(.##.##.#
.###.#.##.###.##.##.##.# #... #.#
#.##.##.##.# #.#. ...
#.##.##.##.# ......#.#.#...#.##.#
#........†)..# ........#...###
<#..######.## #. #.#


You could see an orc wizard.

Vanquished Creatures
  A hound (D:3)
  An orc wizard (D:3)
  Terence (D:3)
  3 adders
  A worm (D:3)
  2 dart slugs (D:3)
  An orc (D:3)
  4 endoplasms
  A giant cockroach (D:2)
  4 goblins
  6 hobgoblins
  2 quokkas (D:3)
  5 ball pythons
  3 bats
  2 frilled lizards
  A kobold (D:1)
  4 rats
42 creatures vanquished.

Notes
Turn   | Place    | Note
-------+----------+-------------------------------------------
     0 | D:1      | lesaewzxc the Spriggan Conjurer began the quest for the
                  | Orb.
     0 | D:1      | Reached XP level 1. HP: 9/9 MP: 5/5
   736 | D:1      | Found a faded altar of an unknown god.
   740 | D:1      | Prayed at the altar of an unknown god.
   740 | D:1      | Became a worshipper of Zin the Law-Giver
   740 | D:1      | Reached * piety under Zin
   938 | D:1      | Reached XP level 2. HP: 9/13 MP: 1/7
  1192 | D:1      | Learned a level 2 spell: Searing Ray
  1792 | D:2      | Reached XP level 3. HP: 16/16 MP: 8/8
  2019 | D:3      | Reached XP level 4. HP: 13/21 MP: 10/10
  2051 | D:3      | Learned a level 4 spell: Iskenderun's Mystic Blast
  2055 | D:3      | Learned a level 3 spell: Dazzling Flash
  2255 | D:3      | Gained mutation: You are frail. (-10% HP) [potion of
                  | mutation]
  2678 | D:3      | Noticed Terence
  2690 | D:3      | Killed Terence
  2878 | D:3      | Reached XP level 5. HP: 14/21 MP: 12/12
  2928 | D:3      | Killed from afar by an orc wizard

Illustrated notes

Levels and vault maps discovered:
D:1:      giann_horns, layout_loops_cross,
          shapermc_ecumenical_altar_mp_vishouse, serial_aquarium,
          aquarium_bridge_square [aquarium_subvault_wall,
          aquarium_subvault_bridge, aquarium_subvault_bridge,
          aquarium_subvault_bridge], aquarium_bridge_square
          [aquarium_subvault_bridge, aquarium_subvault_bridge,
          aquarium_subvault_window, aquarium_subvault_bridge],
          aquarium_window_fake, aquarium_window_3, aquarium_window_1,
          aquarium_view_2c, aquarium_view_2g
D:2:      layout_basic, minmay_pentomino_o2
D:3:      wander_river, layout_loops_ring, minmay_stone_trees_small,
          uniq_terence
D:4:      layout_rooms, nicolae_vehumet_radiance, serial_forest,
          infiniplex_forest_join, infiniplex_forest_straight_3,
          infiniplex_forest_fountain, infiniplex_forest_clump_curved,
          infiniplex_forest_clump_large, uniq_natasha

Skill      XL: |  1  2  3  4 |
---------------+-------------+-----
Conjurations   | 3 |  3.5
Spellcasting   | 3 4 |  4.1
Dodging        | 3 4 |  4.3
Stealth        | 4 |  4.2
Slings         | |  0.2

Action                   |  1- 3 |  4- 6 || total
-------------------------+-------+-------++-------
Melee: Unarmed           |    58 |    21 ||    79
       Punch             |       |     1 ||     1
 Fire: Hunting sling     |       |     3 ||     3
 Cast: Magic Dart        |    55 |    35 ||    90
       Searing Ray       |       |     4 ||     4
  Use: Scroll            |     2 |       ||     2
       Potion            |       |     5 ||     5
 Stab: Sleeping          |     1 |       ||     1
       Distracted        |       |     1 ||     1
Armor: Robe              |     9 |     3 ||    12
Dodge: Dodged            |    71 |    18 ||    89
Block: Other             |    13 |     4 ||    17

Table legend: (Time is in decaauts)
 A = Elapsed time spent in this place.
 B = Non-inter-level travel time spent in this place.
 C = Inter-level travel time spent in this place.
 D = Time resting spent in this place.
 E = Time spent auto-exploring this place.
 F = Levels seen in this place.
 G = Mean time per level.
                   A        B        C        D        E       F      G
               +--------+--------+--------+--------+--------+-----+--------+
         Total |   2491 |   2491 |      0 |      0 |    207 |   4 |  622.8 |
       Dungeon |   2491 |   2491 |      0 |      0 |    207 |   4 |  622.8 |
               +--------+--------+--------+--------+--------+-----+--------+

Top non-repeatable levels by time:
     D:1: 1148 daAuts
     D:3: 894 daAuts
     D:2: 441 daAuts
     D:4: 7 daAuts
